 Dungeon Crawl Stone Soup version 0.26-a0-30-g56b8cd3df0 (webtiles) character file.

Game seed: 4085917749318769953, levelgen mode: deterministic

36 Gwenloh the Caller (level 3, 0/30 HPs)
             Began as a Kobold Summoner on June 3, 2020.
             Succumbed to an adder's poison
             ... on level 2 of the Dungeon.
             The game lasted 00:05:51 (1732 turns).

Gwenloh the Caller (Kobold Summoner)                Turns: 1732, Time: 00:05:52

Health: 0/30       AC: 21    Str:  5    XL:     3   Next: 57%
Magic:  2/6        EV:  3    Int: 17    God:
Gold:   90         SH:  0    Dex: 15    Spells: 3/6 levels left

rFire    . . .     SeeInvis .   g - +1 dagger (speed)
rCold    . . .     Gourm    .   (shield restricted)
rNeg     + + +     Faith    .   (armour currently unavailable)
rPois    +         Spirit   .   (helmet currently unavailable)
rElec    .         Reflect  .   (cloak currently unavailable)
rCorr    .         Harm     .   (gloves currently unavailable)
MR       .....     NoTele   +   (boots currently unavailable)
Stlth    ++........             (no amulet)
HPRegen  0.10/turn              (no ring)
MPRegen  0.10/turn              (no ring)

@: lethally poisoned (0 -> -4), tree-form
A: small, carnivore
a: no special abilities


You were on level 2 of the Dungeon.
You were completely stuffed.
You were a tree.
You visited 1 branch of the dungeon, and saw 2 of its levels.

You collected 90 gold pieces.

Inventory:

Hand Weapons
 g - a +1 dagger of speed (weapon)
Missiles
 b - 29 stones (quivered)
 j - 20 bolts
Armour
 a - a +0 robe (melded)
 d - a scarf of harm
 e - a +0 leather armour
 i - a scarf of harm (melded)
Scrolls
 h - a scroll of amnesia
Comestibles
 c - 3 rations


   Skills:
 + Level 1.2 Fighting
 + Level 2.8 Dodging
 + Level 3.2 Stealth
 + Level 2.4 Spellcasting
 * Level 4.3 Summonings


You had 3 spell levels left.
You knew the following spells:

 Your Spells              Type           Power        Failure   Level  Hunger
a - Summon Small Mammal   Summ           ###.         3%          1    #......
b - Call Imp              Summ           ###.....     4%          2    ##.....

Your spell library contained the following spells:

 Spells                   Type           Power        Failure   Level  Hunger
 Call Canine Familiar     Summ           ###.....     10%         3    ###....
 Summon Guardian Golem    Hex/Summ       #.......     22%         3    ###....
 Summon Ice Beast         Ice/Summ       #.......     58%         4    #####..
 Summon Lightning Spire   Summ/Air       #.......     58%         4    #####..


Dungeon Overview and Level Annotations

Branches:
Dungeon (2/15)

Altars:


Innate Abilities, Weirdness & Mutations

You are small and have problems with some larger weapons.
You are carnivorous and can eat meat at any time.


Message History

* * * LOW HITPOINT WARNING * * *
You feel sick.
Your bat misses the adder. The adder bites you but does no damage.
Your shadow imp gestures at the adder.
The adder writhes in agony!
The adder dies!
It was a potion of lignification.
You turn into a tree.
Your scarf of harm melds into your body.
Your +0 robe melds into your body.
Your roots penetrate the ground.
Okay, then.
There is a lethal amount of poison in your body!
There is a lethal amount of poison in your body!
There is a lethal amount of poison in your body!
* * * LOW HITPOINT WARNING * * *
You feel sick.
* * * LOW HITPOINT WARNING * * *
You feel sick.
* * * LOW HITPOINT WARNING * * *
You feel sick.
You die...

#.S. .....
###...####..#
............#
#######.....####.
..##..<.......
#.#......###.
#...........
##55....###.
#♣b......
#.b...####
#.....# #.#.###
#.#.# ..#.# .....
### #


You could see a friendly crimson imp (summoned), a friendly shadow imp
(summoned) and 2 friendly bats.

Vanquished Creatures
  A dart slug (D:1)
  2 bats (D:1)
  A giant cockroach (D:1)
  A goblin (D:1)
  A hobgoblin (D:1)
  A frilled lizard (D:1)
  A kobold (D:1)
  5 rats (D:1)
13 creatures vanquished.

Vanquished Creatures (collateral kills)
  An adder (D:2)
  2 leopard geckos (D:1)
  A giant cockroach (D:1)
  4 goblins
  2 hobgoblins (D:1)
  4 jackals (D:1)
  3 bats (D:1)
  A kobold (D:1)
  4 rats (D:1)
22 creatures vanquished.

Grand Total: 35 creatures vanquished

Notes
Turn   | Place    | Note
-------+----------+-------------------------------------------
     0 | D:1      | Gwenloh the Kobold Summoner began the quest for the Orb.
     0 | D:1      | Reached XP level 1. HP: 10/10 MP: 3/3
   342 | D:1      | Reached XP level 2. HP: 14/16 MP: 5/5
   349 | D:1      | Learned a level 2 spell: Call Imp
  1238 | D:1      | Reached XP level 3. HP: 20/20 MP: 6/6
  1322 | D:1      | Reached skill level 1 in Fighting
  1730 | D:2      | HP: 1/30 [poisoned by an adder]
  1732 | D:2      | Succumbed to an adder's poison

Illustrated notes

Levels and vault maps discovered:
D:1:      dpeg_arrival_ratfight, layout_basic
D:2:      layout_loops_ring, marbit_many_paths, lemuel_coloured_pillars_altar,
          guppyfry_early_orc_mine

Skill      XL: |  1  2  3 |
---------------+----------+-----
Stealth        | 3 |  3.2
Fighting       | 1 |  1.2
Dodging        | |  2.8
Spellcasting   | |  2.4
Summonings     | |  4.3

Action                   || total
-------------------------++-------
Melee: Unarmed           ||    46
       Dagger            ||    68
Throw: Stone             ||     3
 Cast: Summon Small Mamm ||    14
       Call Imp          ||     4
  Use: Scroll            ||     4
       Potion            ||     1
 Stab: Sleeping          ||     6
  Eat: Chunk             ||    11
Armor: Robe              ||    18
Dodge: Dodged            ||   100

Table legend:
 A = Non-vault XP
 B = Vault XP
 C = Vault XP percentage of total XP
 D = Non-vault monster count
 E = Vault monster count
 F = Vault count percentage of total count
                 A         B        C        D         E       F
            +---------+---------+-------+---------+---------+-------
      Total |      47 |       5 |   9.6 |      30 |       5 |  14.3
            +---------+---------+-------+---------+---------+-------
        D:1 |      38 |       5 |  11.6 |      28 |       5 |  15.2
        D:2 |       9 |       0 |   0.0 |       2 |       0 |   0.0
            +---------+---------+-------+---------+---------+-------
